 Dungeon Crawl Stone Soup version 0.27.1-1-g398f81649c (webtiles) character file.

Game seed: 15595972334683451374

2197 ZARRMARR the Slicer (level 9, -6/57 HPs)
             Began as an Octopode Conjurer on Sept 12, 2021.
             Was an Initiate of Sif Muna.
             Mangled by Harold (18 damage)
             ... on level 7 of the Dungeon.
             The game lasted 00:29:52 (9481 turns).

ZARRMARR the Slicer (Octopode Conjurer)             Turns: 9481, Time: 00:29:53

Health: -6/57      AC:  8    Str:  6    XL:     9   Next: 34%
Magic:  12/12      EV: 14    Int: 23    God:    Sif Muna [......]
Gold:   452        SH:  0    Dex: 13    Spells: 11/12 levels left

rFire    + . .     SeeInvis .   c - +2 dagger (protect)
rCold    + . .     Faith    .   g - +0 buckler
rNeg     + . .     Spirit   .   (helmet restricted)
rPois    +         Reflect  +   j - amulet of reflection
rElec    +         Harm     .   b - ring of positive energy
rCorr    +         Rampage  .   h - ring of resist corrosion
Will     .....                  (no ring)
Stlth    ++........             (no ring)
HPRegen  0.19/turn              (no ring)
MPRegen  0.13/turn              (no ring)
                                (no ring)
                                (no ring)

@: confused, resistant, marked, under a protective aura, flying, very slightly
contaminated, invisible
A: almost no armour, amphibious, 8 rings, camouflage 1, gelatinous body 1,
(nimble swimmer 1), tentacles, agile 1, poison resistance
a: Renounce Religion


You were on level 7 of the Dungeon.
You worshipped Sif Muna.
Sif Muna was noncommittal.
You visited 2 branches of the dungeon, and saw 9 of its levels.
You also visited: Sewer.

You collected 452 gold pieces.

Inventory:

Hand Weapons
 c - a +2 dagger of protection (weapon)
 i - a +0 dagger of freezing
Missiles
 f - a throwing net (quivered)
Armour
 g - a +0 buckler (worn)
Jewellery
 b - a ring of positive energy (left tentacle)
 h - a ring of resist corrosion (right tentacle)
 j - an amulet of reflection (around mantle)
Scrolls
 k - 2 scrolls of magic mapping
 l - a scroll of teleportation
 o - a scroll of vulnerability
 p - a scroll of enchant weapon
 q - a scroll of amnesia {unknown}
 v - a scroll of brand weapon {unknown}
 w - a scroll of summoning {unknown}
Potions
 e - 4 potions of curing
 m - a potion of mutation
 n - a potion of resistance
 s - a potion of heal wounds
 t - a potion of lignification {unknown}
 u - a potion of brilliance {unknown}


   Skills:
 + Level 3.3 Fighting
 * Level 9.2 Short Blades
 + Level 4.1 Dodging
 + Level 6.0 Stealth
 - Level 4.0 Shields
 - Level 2.0 Spellcasting
 - Level 4.0 Conjurations


You had 11 spell levels left.
You knew the following spells:

 Your Spells              Type           Power      Damage    Failure   Level
a - Magic Dart            Conj           80%        1d7       2%          1

Your spell library contained the following spells:

 Spells                   Type           Power      Damage    Failure   Level
 Searing Ray              Conj           40%        3d4       3%          2
 Static Discharge         Conj/Air       11%        N/A       9%          2
 Dazzling Flash           Conj/Hex       22%        N/A       17%         3
 Fulminant Prism          Conj/Hex       5%         3d7       50%         4
 Iskenderun's Mystic Bla  Conj/Tloc      11%        2d4       50%         4
 Sticky Flame             Conj/Fire      11%        2d3       50%         4
 Dispel Undead            Necr           2%         3d7       77%         4
 Summon Forest            Summ/Tloc      1%         N/A       98%         5
 Summon Mana Viper        Hex/Summ       2%         N/A       98%         5
 Shadow Creatures         Summ           N/A        N/A       100%        6


Dungeon Overview and Level Annotations

Branches:
Dungeon (8/15)             Temple (1/1) D:6            Lair (0/6) D:8
  Sewer (visited)

Altars:
Ashenzari
Cheibriados
Elyvilon
Fedhas
Gozag
Hepliaklqana
Kikubaaqudgha
Makhleb
Nemelex Xobeh
Okawaru
Qazlal
Ru
Sif Muna
Trog
Uskayaw
Vehumet
Xom
Yredelemnul

Shops:
D:5 **

Annotations:
D:1 exclusion: 2 downstairs
D:3 exclusion: downstairs
D:4 4 runed translucent doors, Menkaure
D:6 exclusion: 2 downstairs, Blork the orc, Sigmund
D:7 exclusion: downstairs, Harold, Joseph


Innate Abilities, Weirdness & Mutations

You cannot wear most types of armour.
You are amphibious.
You can wear up to eight rings at the same time.
Your skin changes colour to match your surroundings (Stealth+).
Your rubbery body absorbs attacks. (AC +1, EV +1)
((You are camouflaged near water. (Stealth+)))
You have tentacles for arms and can constrict up to eight enemies at once.
You are agile. (Dex +2)
Your system is resistant to poisons. (rPois)


Message History

Harold is heavily wounded.
You constrict Harold, but do no damage. You hit Harold.
Harold is heavily wounded.
You constrict Harold.
Harold yells, "I don't have all day!"
Harold closely misses you.
You hit Harold. You squeeze Harold, but do no damage.
Harold is heavily wounded.
You constrict Harold, but do no damage. You block Harold's attack.
You hit Harold. You squeeze Harold.
Harold is heavily wounded.
You constrict Harold. You hit Harold but do no damage.
Harold is heavily wounded.
You constrict Harold, but do no damage.
Harold zaps a wand.
You resist with some effort.
You catch the helpless Harold completely off-guard!
You impale Harold!!
Harold is severely wounded.
You constrict Harold, but do no damage. You hit Harold but do no damage.
Harold is severely wounded.
You constrict Harold, but do no damage.
Harold zaps a wand.
Your will is overpowered!
You are confused.
You hit Harold.
Harold is severely wounded.
You constrict Harold.
You release your grip on Harold.
Harold fires a harpoon shot at you. The harpoon shot hits you!
* * * LOW HITPOINT WARNING * * *
There is a stone staircase leading down here.
You bump into the rock wall.
Harold points at you and mumbles some strange words.
The mark upon you grows brighter.
You hit Harold but do no damage.
Harold is severely wounded.
Harold hits you with a +6 flail of protection!!
You die...

#### #.. #.# ##.#
#..# ## #####
#@## #..##...##
##@#
+........#####([#
#.........##...##
#####
.............###
##....
.........@.###
##.....
..........###
#......
....##[...#
#...... ###
###..# ###
#......


You could see Harold.

Vanquished Creatures
  A wyvern (D:7)
  A steam dragon (D:7)
  A black bear (D:4)
  A hornet zombie (D:7)
  An ice beast (D:5)
  A necrophage (D:5)
  4 ogres
  A phantom (D:4)
  3 bullfrogs
  2 scorpions
  A wyvern skeleton (D:6)
  2 howler monkeys
  Crazy Yiuf (D:6)
  A centaur zombie (D:5)
  A bullfrog zombie (D:5)
  A hound (D:6)
  A bullfrog skeleton (D:5)
  A gnoll shaman (D:5)
  2 iguanas
  5 orc wizards
  12 gnolls
  A river rat (D:3)
  11 adders
  An ufetubus (D:3)
  2 worms
  2 dart slugs (D:1)
  15 orcs
  9 bats
  4 endoplasms
  9 giant cockroaches
  3 goblins
  6 hobgoblins
  3 jackals (D:1)
  9 quokkas
  16 ball pythons
  6 frilled lizards
  6 kobolds
  10 rats
157 creatures vanquished.

Notes
Turn   | Place    | Note
-------+----------+-------------------------------------------
     0 | D:1      | ZARRMARR the Octopode Conjurer began the quest for the Orb.
     0 | D:1      | Reached XP level 1. HP: 11/11 MP: 3/3
   161 | D:1      | Reached skill level 1 in Short Blades
   248 | D:1      | Reached XP level 2. HP: 3/17 MP: 3/5
   634 | D:1      | Reached skill level 2 in Short Blades
  1073 | D:1      | Reached XP level 3. HP: 12/21 MP: 0/6
  1957 | D:2      | Found a faded altar of an unknown god.
  1994 | D:2      | Reached skill level 3 in Short Blades
  2279 | D:2      | Reached XP level 4. HP: 21/27 MP: 2/7
  2650 | D:2      | Reached skill level 4 in Short Blades
  3162 | D:2      | Found a basalt altar of Yredelemnul.
  3510 | D:3      | Reached XP level 5. HP: 28/31 MP: 5/8
  3647 | D:3      | Reached skill level 1 in Shields
  3770 | D:3      | Found a glowing drain.
  3786 | Sewer    | Entered a sewer
  4327 | Sewer    | Reached skill level 5 in Short Blades
  4327 | Sewer    | Reached XP level 6. HP: 27/36 MP: 2/9
  4793 | D:4      | Found a large runed translucent door.
  4793 | D:4      | Found a large runed translucent door.
  4826 | D:4      | Reached XP level 7. HP: 41/41 MP: 5/10
  4968 | D:4      | Reached skill level 6 in Short Blades
  5022 | D:4      | Found a large runed translucent door.
  5023 | D:4      | Found a large runed translucent door.
  5116 | D:4      | Noticed Menkaure
  5305 | D:4      | Found a bloodstained altar of Trog.
  5423 | D:4      | Found an iron altar of Okawaru.
  5766 | D:5      | Entered Level 5 of the Dungeon
  5801 | D:5      | Reached skill level 7 in Short Blades
  5863 | D:5      | Reached XP level 8. HP: 22/46 MP: 9/11
  6325 | D:5      | Reached skill level 1 in Fighting
  6679 | D:5      | Found Kaat's Specific Store.
  6681 | D:5      | Found Kibbelaxki's General Store.
  6688 | D:5      | Reached skill level 8 in Short Blades
  7476 | D:6      | Noticed Sigmund
  7554 | D:6      | Noticed Blork the orc
  7754 | D:6      | Found a staircase to the Ecumenical Temple.
  7775 | D:6      | Found a runed translucent door.
  7797 | Temple   | Entered the Ecumenical Temple
  7947 | Temple   | Became a worshipper of Sif Muna the Loreminder
  8034 | D:6      | Reached skill level 5 in Stealth
  8386 | D:6      | Noticed Crazy Yiuf
  8546 | D:6      | Reached XP level 9. HP: 36/55 MP: 9/12
  8749 | D:6      | Killed Crazy Yiuf
  8789 | D:7      | Noticed Harold
  8789 | D:7      | Noticed Joseph
  9069 | D:7      | Reached skill level 9 in Short Blades
  9441 | D:8      | Noticed a death yak
  9441 | D:8      | Noticed a death yak
  9441 | D:8      | Found a staircase to the Lair.
  9460 | D:7      | Gained mutation: You are agile. (Dex +2) [potion of
                  | mutation]
  9460 | D:7      | Gained mutation: Your system is resistant to poisons.
                  | (rPois) [potion of mutation]
  9481 | D:7      | Mangled by Harold

Illustrated notes

Levels and vault maps discovered:
D:1:      dpeg_arrival_prison, layout_basic, minmay_misc_feat_alley,
          serial_bayou_ford_a
D:2:      cheibrodos_helix_gallery, layout_rooms, basic_ecumenical_altar,
          basic_altar, chequers_serial_rivers_room_b
D:3:      layout_basic, portal_sewer_entry_e
D:4:      layout_cave_pods, okawaru_ov_weapons_minmay,
          trog_three_pillars_becter, minmay_hollow_rounded_squares,
          uniq_menkaure
D:5:      layout_loops_ring, nicolae_specific_store, grunt_decor_mini_mirrors,
          kennysheep_generic_room_14
D:6:      layout_basic, minmay_temple_entry_ruins, uniq_blork_the_orc,
          uniq_crazy_yiuf_cottage, uniq_sigmund
D:7:      layout_rooms, kennysheep_mini, uniq_harold, uniq_joseph, uniq_duvessa
D:8:      layout_gridville, mainiacjoe_overflow_24_doors, dpeg_lair_monsters,
          minmay_misc_feat_iff, eino_small_chamber_without_monster,
          minivault_25, minmay_misc_feat_enclosed, grunt_potential, uniq_psyche,
          uniq_maurice
Temple:   nicolae_temple_elliptical

Skill      XL: |  1  2  3  4  5  6  7  8  9 |
---------------+----------------------------+-----
Short Blades   | 1 2 3 4 5 7 8 9 |  9.2
Shields        | 2 3 4 |  4.0
Stealth        | 5 6 |  6.0
Fighting       | 2 3 |  3.3
Dodging        | 3 4 |  4.1
Spellcasting   | |  2.0
Conjurations   | |  4.0

Action                   |  1- 3 |  4- 6 |  7- 9 || total
-------------------------+-------+-------+-------++-------
Melee: Unarmed           |     4 |       |       ||     4
       Constrict         |    12 |    19 |    31 ||    62
       Dagger            |    35 |    69 |   303 ||   407
       Tentacles         |     7 |    10 |    43 ||    60
Throw: Dart              |       |     1 |     6 ||     7
 Cast: Magic Dart        |    66 |   113 |   137 ||   316
  Use: Scroll            |     1 |     1 |     3 ||     5
       Potion            |       |       |     5 ||     5
 Stab: Sleeping          |       |     1 |     5 ||     6
       Invisible         |       |       |     2 ||     2
Armor: Skin              |     4 |    13 |    30 ||    47
Dodge: Dodged            |    39 |    37 |    80 ||   156
Block: Buckler           |       |    14 |    59 ||    73
       Reflection        |       |       |     3 ||     3
